 Dungeon Crawl Stone Soup version 0.29-a0-490-g77b3608bb8 (webtiles) character file.

Game seed: 539714439539100764

474439 freelancePsychic the Iron Dragon (level 23, -2/142 (189) HPs)
             Began as a Grey Draconian Wanderer on May 26, 2022.
             Was the Champion of Ru.
             Killed from afar by a shadow dragon (18 damage)
             ... with a bolt of negative energy
             ... on level 5 of the Vaults.
             The game lasted 02:42:58 (68313 turns).

freelancePsychic the Iron Dragon (DrWn)            Turns: 68313, Time: 02:42:58

HP:   -2/142 (189)  AC: 29    Str: 20    XL:     23   Next: 59%
MP:   16/40         EV: 15    Int: 33    God:    Ru [******]
Gold: 1722          SH: 24    Dex: 14    Spells: 8/48 levels left

rFire   + + +      SeeInvis .   a - +3 Elemental Staff {rElec rF++ rC++ AC+5}
rCold   + + +      Faith    .   R - +4 tower shield
rNeg    . . .      Spirit   .   (body armour unavailable)
rPois   +          Reflect  .   p - +1 hat "Dostrih" {Dex+6 Stlth+}
rElec   +          Harm     .   S - +2 cloak {Will+}
rCorr   .          Rampage  .   K - +1 pair of gloves of Zin, Bedazzling {rElec Stlth+}
Will    +....                   v - +1 pair of boots "Teuqyara" {rPois rC+ Will- Int+6}
Stlth   ++++++....              G - amulet of regeneration
HPRegen 1.13/turn               s - ring "Itiprod" {rElec rPois Will+ Int+6}
MPRegen 0.27/turn               w - ring of protection from fire

@: exhausted, studying Dodging, heavily drained
A: AC +16, amphibious, unfitting armour, frail 1, cold-blooded, inability to use
devices, hated by all, weak-willed 1
}: 2/15 runes: barnacled, gossamer
a: Renounce Religion, Draw Out Power, Power Leap, Apocalypse


You were on level 5 of the Vaults.
You worshipped Ru.
Ru was exalted by your worship.
You visited 9 branches of the dungeon, and saw 44 of its levels.
You visited the Abyss 2 times.
You visited 1 bazaar.
You also visited: Desolation.

You collected 5780 gold pieces.
You spent 4058 gold pieces at shops.

Inventory:

Hand Weapons
 a - the +3 Elemental Staff (weapon) {rElec rF++ rC++ AC+5}
   (You found it on level 1 of the Depths)

   If the wielder is skilled in Evocations, they can discharge powerful blasts
   of elemental energy when striking with it.
   It enhances your fire, ice, earth and air magic.
   AC:        It affects your AC (+5).
   rF:        It greatly protects you from fire.
   rC:        It greatly protects you from cold.
   rElec:     It insulates you from electricity.
 b - a +9 demon trident of draining
 n - a +2 flail of draining
 Y - the +8 scimitar of the Manifold Mice {freeze, rPois rC+ rN+ Str-4}
   (You found it on level 6 of the Lair of Beasts)

   It freezes those it strikes, dealing additional cold damage.
   It can also slow down cold-blooded creatures.
   Str:       It affects your strength (-4).
   rC:        It protects you from cold.
   rPois:     It protects you from poison.
   rN:        It protects you from negative energy.
Armour
 p - the +1 hat "Dostrih" (worn) {Dex+6 Stlth+}
   (You acquired it on level 3 of the Lair of Beasts)

   Dex:       It affects your dexterity (+6).
   Stlth:     It makes you more stealthy.
 v - the +1 pair of boots "Teuqyara" (worn) {rPois rC+ Will- Int+6}
   (You found it on level 4 of the Spider Nest)

   Int:       It affects your intelligence (+6).
   rC:        It protects you from cold.
   rPois:     It protects you from poison.
   Will:      It decreases your willpower.
 K - the +1 pair of gloves of Zin, Bedazzling (worn) {rElec Stlth+}
   (You bought it in a shop on level 2 of the Orcish Mines)

   rElec:     It insulates you from electricity.
   Stlth:     It makes you more stealthy.
 R - a +4 tower shield (worn)
 S - a +2 cloak of willpower (worn)
Jewellery
 d - a ring of willpower
 f - a ring of ice
 h - a +6 ring of dexterity
 m - a +4 ring of slaying
 s - the ring "Itiprod" (left hand) {rElec rPois Will+ Int+6}
   (You took it off a deep elf sorcerer on level 3 of the Elven Halls)

   [ring of intelligence]

   Int:       It affects your intelligence (+6).
   rElec:     It insulates you from electricity.
   rPois:     It protects you from poison.
   Will:      It increases your willpower.
 w - a ring of protection from fire (right hand)
 E - a ring of protection from cold
 G - an amulet of regeneration (around neck)
 O - an amulet of the acrobat
 P - a ring of see invisible
 Q - a +6 ring of strength
 U - an amulet of reflection
 V - a ring of protection from cold
 W - a ring of ice
 X - a ring of resist corrosion
 Z - a ring of positive energy
Scrolls
 i - 10 scrolls of fear
 k - 5 scrolls of silence
 y - 3 scrolls of magic mapping
 z - 15 scrolls of identify {@r1}
 B - 7 scrolls of amnesia
 F - 3 scrolls of immolation
 H - 2 scrolls of blinking
 L - 15 scrolls of teleportation {@r4}
 M - 3 scrolls of fog
 N - 5 scrolls of brand weapon
 T - 2 scrolls of poison
Potions
 c - 2 potions of might
 e - 13 potions of flight
 g - 6 potions of mutation
 j - 17 potions of curing {@q1}
 o - 2 potions of cancellation
 q - 6 potions of lignification
 r - 9 potions of heal wounds {@q2}
 t - 5 potions of ambrosia
 u - 12 potions of attraction
 x - 4 potions of brilliance
 A - 6 potions of magic
 C - 4 potions of invisibility
 D - 4 potions of berserk rage
 I - 9 potions of haste {@q3}
Miscellaneous
 J - a piece from Xom's chessboard (15/15)


   Skills:
 + Level 18.7 Fighting
 - Level 3.4(4.3) Maces & Flails
 - Level 13.7(14.0) Polearms
 - Level 4.0(10.0) Staves
 - Level 10.8 Dodging
 - Level 10.5 Stealth
 + Level 17.9 Shields
 * Level 13.0 Spellcasting
 - Level 12.9 Conjurations
 - Level 9.9 Necromancy
 - Level 0.6 Transmutations
 - Level 2.9 Air Magic
 O Level 27 Earth Magic


You had 8 spell levels left.
You knew the following spells:

 Your Spells              Type           Power      Damage    Failure   Level
a - Statue Form           Tmut/Erth      70%        N/A       2%          6
c - Borgnjor's Vile Clut  Necr/Erth      60%        N/A       1%          5
d - Iron Shot             Conj/Erth      62%        9d12      1%          6
e - Shatter               Erth           70%        3d51*     9%          9
f - Lee's Rapid Deconstr  Erth           70%        3d33*     0%          5
g - Dispel Undead         Necr           72%        3d24      1%          4
h - Irradiate             Conj/Tmut      30%        3d23      10%         5

Your spell library contained the following spells:

 Spells                   Type           Power      Damage    Failure   Level
 Magic Dart               Conj           100%       1d8       1%          1
 Necrotize                Necr           100%       1d9       1%          1
 Shock                    Conj/Air       100%       1d9       1%          1
 Passwall                 Tmut/Erth      88%        N/A       1%          2
 Searing Ray              Conj           100%       2d8       1%          2
 Static Discharge         Conj/Air       84%        N/A       1%          2
 Sublimation of Blood     Necr           72%        N/A       1%          2
 Conjure Flame            Conj/Fire      77%        6-21      1%          3
 Mephitic Cloud           Conj/Pois/Air  71%        N/A       1%          3
 Vampiric Draining        Necr           72%        2d11      1%          3
 Leda's Liquefaction      Hex/Erth       52%        N/A       1%          4
 Petrify                  Tmut/Erth      100%       N/A       1%          4
 Iskenderun's Battlesphe  Conj           82%        2d13      1%          5
 Agony                    Necr           72%        N/A       2%          5
 Sticky Flame             Conj/Fire      77%        2d9       3%          4
 Beastly Appendage        Tmut           50%        N/A       4%          1
 Poisonous Vapours        Pois/Air       94%        N/A       4%          2
 Swiftness                Air            57%        N/A       4%          3
 Apportation              Tloc           42%        N/A       5%          1
 Slow                     Hex            84%        N/A       5%          1
 Wereblood                Tmut           25%        N/A       6%          2
 Anguish                  Hex/Necr       26%        N/A       7%          4
 Blink                    Tloc           42%        N/A       9%          2
 Corpse Rot               Necr/Pois/Air  65%        N/A       10%         4
 Spider Form              Tmut/Pois      23%        N/A       14%         3
 Confusing Touch          Hex            21%        N/A       16%         3
 Ignite Poison            Fire/Tmut/Pois 34%        N/A       16%         3
 Inner Flame              Hex/Fire       32%        N/A       16%         3
 Ozocubu's Armour         Ice            32%        N/A       16%         3
 Portal Projectile        Hex/Tloc       42%        N/A       16%         3
 Airstrike                Air            28%        N/A       16%         4
 Freezing Cloud           Conj/Ice/Air   45%        6-21      17%         5
 Cause Fear               Hex            10%        N/A       47%         4
 Blade Hands              Tmut           12%        N/A       75%         5
 Alistair's Intoxication  Tmut/Pois      15%        N/A       78%         5
 Yara's Violent Unravell  Hex/Tmut       11%        3d6       78%         5
 Manifold Assault         Tloc           21%        N/A       83%         5
 Metabolic Englaciation   Hex/Ice        16%        N/A       83%         5
 Borgnjor's Revivificati  Necr           36%        N/A       99%         8
 Dispersal                Tloc           10%        N/A       100%        6
 Dragon Form              Tmut           12%        N/A       100%        7
 Enfeeble                 Hex            10%        N/A       100%        7
 Storm Form               Tmut/Air       25%        N/A       100%        7
 Disjunction              Tloc           10%        N/A       100%        8
 Necromutation            Tmut/Necr      27%        N/A       100%        8
 Chain Lightning          Conj/Air       42%        3d56      100%        9
 Fire Storm               Conj/Fire      38%        8d10      100%        9
 Polar Vortex             Ice            16%        N/A       100%        9
 Animate Dead             Necr           Unusable   N/A       N/A         4
 Call Imp                 Summ           Unusable   N/A       N/A         2
 Death Channel            Necr           Unusable   N/A       N/A         6
 Tukima's Dance           Hex            Unusable   N/A       N/A         3
 Simulacrum               Ice/Necr       Unusable   N/A       N/A         6
 Spellforged Servitor     Conj/Summ      Unusable   N/A       N/A         7
 Monstrous Menagerie      Summ           Unusable   N/A       N/A         7

Dungeon Overview and Level Annotations

Branches:
Dungeon (15/15)            Temple (0/1) D:4            Lair (6/6) D:11
 Shoals (4/4) Lair:2       Spider (4/4) Lair:2        Slime (0/5) Lair:5
    Orc (2/2) D:12            Elf (3/3) Orc:2        Vaults (5/5) D:13
  Crypt (0/3) Vaults:3     Depths (4/4) D:15           Hell (visited)
    Zot (0/5) Depths:4    Desolation (visited)
    Dis: Hell:1         Geh: Hell:1         Coc: Hell:1         Tar: Hell:1

Altars:
Ashenzari
Elyvilon
Gozag
Hepliaklqana
Makhleb
Nemelex Xobeh
Qazlal
Ru
Sif Muna
Vehumet
Wu Jian
Zin
The Shining One
Jiyva

Shops:
D:12 =   D:15 :[   Orc:2 **[(   Elf:1 *[?:   Elf:2 [((!   Vaults:1 [
Vaults:2 !   Vaults:4 :   Depths:2 *

Portals:
Hell: Depths:1 Depths:2 Depths:3 Depths:4
Abyss: Depths:3
Pandemonium: Depths:2
Ziggurat: Depths:1
Trove: Vaults:1 (show abyssal rune of Zot)

Annotations:
D:3 3 runed translucent doors, pigah's ghost, amateur OpAE
D:5 exclusion: ice beast
D:7 exclusion: wight
D:8 Grum
D:10 2 transporters, exclusion: oklob plant, dabmancer's ghost, novice SpWz
Spider:4 1 runed translucent door, Riopsa's ghost, adept GrEE
Elf:3 Roxanne
Depths:1 exclusions: floating eye, great orb of eyes, shining eye, ugly thing and 4 very ugly things


Innate Abilities, Weirdness & Mutations

Your dull iron-grey scales are very hard. (AC +16)
You are amphibious.
You cannot fit into any form of body armour.
You are frail. (-10% HP)
You are cold-blooded and may be slowed by cold attacks.
You cannot study or use magical devices.
You are hated by all.
You are slightly weak-willed. (Will-)


Message History

You redirect the tengu reaver's attack!
A yaktaur comes into view.
The shadow dragon breathes negative energy at you.
The bolt of negative energy hits you!!
You feel drained.
The dread lich gestures at you while chanting.
You suddenly lose the ability to move!
A mana viper comes into view.
The shadow dragon breathes negative energy at you.
The bolt of negative energy hits you!!!
You feel drained.
A yaktaur captain comes into view.
You redirect the yaktaur's attack!
The yaktaur wields a +0 arbalest.
The yaktaur shoots a bolt.
The bolt hits the frost giant!!
A shining eye comes into view.
The mana viper changes into a dream sheep!
You redirect the shadow dragon's attack!
An ironbound preserver comes into view. It is wielding a +0 mace.
The shadow dragon begins to attack, but is stunned by your conviction!
The yaktaur shoots a bolt.
The bolt hits you!!
You focus your inner power and slow the yaktaur in retribution!
The shadow dragon breathes negative energy at you.
The bolt of negative energy hits you!!
You feel drained.
The frost giant gestures at you while chanting.
The bolt of cold hits you but does no damage.
An orc comes into view. It is wielding a +0 club.
The shadow dragon breathes negative energy at you.
The bolt of negative energy hits you!!
You feel drained.
* * * LOW HITPOINT WARNING * * *
The deep elf death mage beckons forth a restless soul!
You can move again.
The dream sheep ruffles its wool and motes of dream dust sparkle, to no effect.
The shadow dragon bites you!
* * * LOW HITPOINT WARNING * * *
You focus your inner power and blind the shadow dragon in retribution!
You block the shadow dragon's attack. x2; The yaktaur shoots a bolt.
The bolt hits you!!
* * * LOW HITPOINT WARNING * * *
The shadow dragon breathes negative energy at you.
The bolt of negative energy hits you!!
You feel drained.
You die...

.[............)
.o[[Y..p....)G.
).).........[..
†...*e......)).
.....[[....)...
[)..[[[[[......
...[.<<.D[...).
.[[[<..@Q[[?...
..[.[<<[)......
[.....[[..L....
.......C..D...(
.).#..[[......[
.. ........†.).
c ............c
)#.....(....[[


You could see 2 shadow dragons, an ironbound preserver, a dread lich, a frost
giant, a tengu reaver, a yaktaur captain (wandering), a deep elf death mage, a
shining eye, a yaktaur (slow), a lost soul (summoned), a dream sheep shaped
shifter and an orc.

Vanquished Creatures
  2 ancient liches
  A juggernaut (Depths:4)
  Mennas (Depths:4)
  A shard shrike (Depths:1)
  4 caustic shrikes (Depths:4)
  Geryon (Hell)
  A bone dragon (Abyss:2)
  Arachne (Spider:2)
  An iron giant (Depths:1)
  A hellephant (Depths:1)
  Jorgrun (Orc:2)
  A tentacled monstrosity (Depths:2)
  3 liches
  A tentacled starspawn (Abyss:5)
  2 quicksilver dragons
  3 sphinxes
  Agnes (D:14)
  Frances (Shoals:2)
  5 storm dragons
  7 tengu reavers
  Donald (Shoals:2)
  Kirke (Lair:2)
  Ilsuiw (Shoals:2)
  3 iron dragons
  5 frost giants
  7 deep elf sorcerers
  9 vault wardens
  13 fire giants
  A balrug (Depths:3)
  Louise (D:14)
  An imperial myrmidon (Desolation)
  5 ghost moths (Spider:4)
  2 angels (Vaults:3)
  Aizul (Vaults:4)
  8 emperor scorpions
  4 deep elf elementalists (Elf:3)
  An orc warlord (Vaults:1)
  24 very ugly things
  A draconian annihilator (Depths:4)
  A reaper (Depths:3)
  18 ironbound preservers
  2 broodmothers
  2 ironbound thunderhulks (Vaults:2)
  16 stone giants
  4 black draconians (Depths:4)
  2 vampire knights
  4 deep elf demonologists (Elf:3)
  7 deep elf annihilators (Elf:3)
  4 yellow draconians (Depths:4)
  A lorocyproca (Abyss:5)
  3 minotaurs (Shoals:4)
  A spark wasp (shapeshifter) (D:15)
  Azrael (D:14)
  15 dire elephants
  6 entropy weavers
  4 halazid warlocks (Desolation)
  Snorg (D:14)
  5 spark wasps
  6 deep elf death magi
  An eidolon (Abyss:5)
  A quicksilver dragon zombie (Depths:3)
  4 merfolk impalers
  A jiangshi (Vaults:3)
  5 crystal guardians
  Josephine (D:11)
  10 ettins
  8 fire dragons
  3 merfolk javelineers
  7 great orbs of eyes
  9 yaktaur captains
  8 deep elf high priests
  7 boulder beetles
  Fannar (Orc:1)
  9 ice dragons
  Erolcha (Orc:1)
  5 ogre magi
  4 jorogumos
  A hydra (Lair:6)
  7 ragged hierophants (Desolation)
  A hell beast (Depths:1)
  8 servants of whispers (Desolation)
  A catoblepas (Lair:6)
  5 radroaches
  7 spriggan air magi
  10 ironbound frosthearts
  10 peacekeepers
  31 vault guards
  3 merfolk avatars
  6 merfolk aquamancers
  9 two-headed ogres
  6 centaur warriors
  7 death yaks (D:11)
  17 dancing weapons
  11 satyrs
  4 vampire magi
  7 tengu warriors
  5 deep troll earth magi
  7 deep troll shamans
  3 spriggan berserkers
  2 thrashing horrors (Abyss:5)
  21 hell knights
  Nergalle (D:12)
  6 deep elf knights
  2 soul eaters
  A spriggan (Depths:1)
  4 wretched stars (Abyss:5)
  A sun moth (Spider:4)
  8 iron trolls
  A fire crab (Lair:6)
  12 sea snakes
  5 glowing orange brains
  A flayed ghost (Vaults:1)
  63 deep trolls
  4 pharaoh ants
  A spark wasp zombie (Depths:3)
  7 steelbarb worms
  19 orb spiders
  A shadow demon (Depths:2)
  A death drake (shapeshifter) (Vaults:1)
  18 ironbound convokers
  A tengu zombie (Depths:3)
  9 deep elf archers
  26 harpies
  7 lindwurms
  11 orc knights
  10 wizards
  2 phantasmal warriors (Vaults:5)
  A wolf spider (shapeshifter) (Vaults:5)
  10 wolf spiders
  6 necromancers
  2 iron dragon zombies
  27 deep elf pyromancers
  20 deep elf zephyrmancers
  39 ugly things
  5 cyclopes
  A salamander (Depths:2)
  8 manticores
  20 fauns
  6 merfolk sirens
  10 vault sentinels
  Maurice (D:10)
  9 black mambas
  A stone giant skeleton (Abyss:2)
  3 moths of wrath
  14 elephants
  2 molten gargoyles (Desolation)
  9 torpor snails
  A rust devil (Depths:3)
  3 guardian serpents (Desolation)
  A smoke demon (Abyss:5)
  An apocalypse crab (Abyss:5)
  6 water nymphs
  Maggie (D:8)
  19 yaktaurs
  12 cane toads
  3 freezing wraiths
  11 rime drakes
  9 demonic crawlers
  2 orange demons (Depths:2)
  9 komodo dragons
  A kobold demonologist (D:13)
  An unseen horror (D:11)
  2 tengu conjurers
  3 efreet
  23 merfolk
  A hellwing (Abyss:3)
  15 trolls
  6 ancient zymes
  6 meliai
  3 tyrant leeches (Lair:6)
  8 hornets
  11 polar bears
  21 blink frogs
  A harpy skeleton (Abyss:2)
  32 tarantellas
  2 dream sheep (shapeshifter)
  4 wind drakes
  53 saltlings (Desolation)
  23 slime creatures
  11 raiju
  A stone giant simulacrum (Depths:1)
  7 snapping turtles
  3 large abominations
  44 jumping spiders
  16 culicivoras
  6 air elementals
  3 wyverns
  2 shadows (D:9)
  A vampire (D:12)
  16 water elementals
  5 basilisks
  A ynoxinul (Abyss:5)
  57 yaks
  8 wraiths
  A human (shapeshifter) (Depths:2)
  6 hogs
  5 fire elementals
  64 redbacks
  10 steam dragons
  12 vampire mosquitoes
  A chaos spawn (Abyss:5)
  Menkaure (D:4)
  Edmund (D:6)
  12 water moccasins
  10 wargs
  14 hell hounds
  An acid dragon (D:9)
  Duvessa (D:4)
  A floating eye (Depths:4)
  18 orc warriors
  3 ice beasts
  9 black bears (Lair:6)
  24 ogres
  A boggart (Vaults:1)
  8 centaurs
  16 wolves
  2 phantoms (D:5)
  A kobold brigand (D:8)
  Blork the orc (D:4)
  12 bullfrogs
  A bullfrog (shapeshifter) (D:13)
  A gnoll sergeant (D:11)
  A necrophage (D:5)
  5 earth elementals
  3 scorpions
  A glowing shapeshifter simulacrum (Depths:1)
  9 wights
  Dowan (D:4)
  2 small abominations
  9 killer bees
  8 electric eels
  5 howler monkeys
  A quasit (Abyss:2)
  A gnoll shaman (D:5)
  4 hounds
  8 orc priests
  4 jellies
  8 iguanas
  22 orc wizards
  5 adders
  14 gnolls
  4 white imps
  2 adder skeletons (D:2)
  2 worms
  2 dart slugs
  42 orcs
  3 bats
  A bat skeleton (D:2)
  2 bat zombies (D:2)
  6 endoplasms
  2 giant cockroaches
  7 goblins
  3 hobgoblins (D:3)
  2 jackals (D:4)
  2 quokkas
  4 ball pythons
  A ball python skeleton (D:2)
  A ball python zombie (D:2)
  A frilled lizard (D:3)
  A giant cockroach zombie (D:2)
  13 kobolds
  2 quokka zombies (D:2)
  4 rats
  2 starspawn tentacles (Abyss:5)
1853 creatures vanquished.

Vanquished Creatures (others)
  An iron giant (Depths:1)
  A sphinx (Vaults:3)
  A shadow dragon (Vaults:4)
  2 jiangshi (Depths:1)
  A fire dragon (Depths:3)
  A peacekeeper (Vaults:1)
  A yaktaur captain (Vaults:1)
  An ice dragon (Depths:1)
  A hell beast (Depths:1)
  A hydra (Lair:4)
  A satyr (Shoals:3)
  2 dancing weapons (Elf:2)
  A two-headed ogre (Orc:1)
  3 deep elf knights (Elf:1)
  A large abomination (Abyss:5)
  A lindwurm (Vaults:3)
  A wizard (D:14)
  A deep elf archer (Elf:1)
  3 deep elf zephyrmancers
  A deep elf pyromancer (Elf:1)
  3 harpies
  2 wolf spiders
  A faun (Shoals:4)
  A cyclops (Orc:2)
  A manticore (Shoals:4)
  An orc sorcerer (Orc:1)
  A torpor snail (Lair:6)
  2 black mambas
  A cane toad (Lair:2)
  2 rime drakes
  A komodo dragon (Lair:3)
  A yaktaur (Vaults:4)
  A troll (Orc:1)
  A tarantella (Spider:4)
  A hornet (Lair:6)
  A raiju (Lair:6)
  A jumping spider (Spider:1)
  A culicivora (Spider:1)
  A wyvern (Lair:6)
  3 yaks
  A redback (Spider:2)
  3 steam dragons (Lair:6)
  2 wargs
  A small abomination (Abyss:5)
  2 black bears (Lair:6)
  An ogre (Orc:1)
  An orc wizard (Orc:1)
  A gnoll (D:8)
  2 orcs
  70 bushes
  85 fungi
  153 plants
  8 starspawn tentacles
383 creatures vanquished.

Grand Total: 2236 creatures vanquished

Notes
Turn   | Place    | Note
-------+----------+-------------------------------------------
     0 | D:1      | freelancePsychic the Draconian Wanderer began the quest for
                  | the Orb.
     0 | D:1      | freelancePsychic set off with the following items: a +2
                  | quarterstaff, a piece from Xom's chessboard (15/15), a
                  | potion of might; and the following spells available to
                  | memorise: Searing Ray, Static Discharge
     0 | D:1      | Reached XP level 1. HP: 14/14 MP: 2/2
  1193 | D:2      | Reached XP level 2. HP: 14/22 MP: 3/3
  1196 | D:2      | Learned a level 2 spell: Searing Ray
  1387 | D:2      | Reached skill level 1 in Fighting
  1736 | D:2      | Reached XP level 3. HP: 28/28 MP: 5/5
  1893 | D:2      | Found a faded altar of an unknown god.
  2021 | D:2      | Found a sacrificial altar of Ru.
  2028 | D:2      | Became a worshipper of Ru the Awakened
  2339 | D:3      | Learned a level 2 spell: Static Discharge
  2478 | D:3      | Found a runed translucent gate.
  2478 | D:3      | Found a runed translucent gate.
  2478 | D:3      | Found a runed translucent gate.
  2609 | D:3      | Reached XP level 4. HP: 31/35 MP: 6/6
  2756 | D:3      | Reached skill level 1 in Air Magic
  3095 | D:3      | Found an opulent altar of Gozag.
  3319 | D:3      | Noticed pigah's ghost (amateur OpAE)
  3661 | D:4      | Gained mutation: You are frail. (-10% HP) [Ru sacrifice]
  3661 | D:4      | Reached * piety under Ru
  3661 | D:4      | Reached ** piety under Ru
  3704 | D:4      | Noticed Menkaure
  3775 | D:4      | Killed Menkaure
  3776 | D:4      | Reached XP level 5. HP: 37/37 MP: 0/8
  3877 | D:4      | Noticed Duvessa
  3885 | D:4      | Reached XP level 6. HP: 38/45 MP: 5/9
  3885 | D:4      | Noticed Dowan
  3896 | D:4      | Killed Duvessa
  3912 | D:4      | Killed Dowan
  4052 | D:4      | Found a staircase to the Ecumenical Temple.
  4067 | D:4      | Noticed Blork the orc
  4073 | D:4      | Killed Blork the orc
  4074 | D:4      | Your scales start taking on a dull iron-grey colour.
  4074 | D:4      | Reached XP level 7. HP: 51/51 MP: 2/11
  4338 | D:4      | Reached skill level 5 in Conjurations
  4377 | D:4      | Found a broken altar of Ashenzari.
  4642 | D:4      | Identified the +3 ring mail of Omission {*Slow rPois Str+3}
  4704 | D:5      | Entered Level 5 of the Dungeon
  4925 | D:5      | Found a glowing silver altar of Zin.
  5045 | D:5      | Reached XP level 8. HP: 34/59 MP: 0/13
  5492 | D:5      | Reached skill level 1 in Dodging
  6006 | D:5      | Found a burning altar of Makhleb.
  6164 | D:6      | Reached skill level 5 in Fighting
  6463 | D:6      | Reached XP level 9. HP: 63/66 MP: 2/16
  6484 | D:6      | Reached skill level 5 in Spellcasting
  7198 | D:6      | Gained mutation: You are hated by all. [Ru sacrifice]
  7198 | D:6      | Reached *** piety under Ru
  7266 | D:6      | Noticed Edmund
  8251 | D:7      | Identified the +1 plate armour of Dishonesty {Rampage rF+
                  | rC- Str+3}
  8625 | D:7      | Identified the +0 helmet of the Stallion {Will+ rCorr Str+9
                  | Stlth-}
  8786 | D:8      | Noticed a centaur warrior
  8798 | D:8      | Killed a centaur warrior
  9044 | D:8      | Reached XP level 10. HP: 64/75 MP: 5/18
  9379 | D:8      | Noticed a two-headed ogre
  9442 | D:8      | Noticed Grum
  9467 | D:8      | Noticed Maggie
  9475 | D:8      | Killed a two-headed ogre
  9475 | D:8      | Killed Maggie
  9672 | D:8      | Found an ornate altar of the Wu Jian Council.
  9675 | D:8      | Found a sparkling altar of Nemelex Xobeh.
  9683 | D:8      | Found a white marble altar of Elyvilon.
 10312 | D:8      | Identified the +4 plate armour of Ojefasoxt {rF- rCorr
                  | Int+2 SInv}
 10355 | D:8      | Gained mutation: You cannot study or use magical devices.
                  | [Ru sacrifice]
 10355 | D:8      | Reached **** piety under Ru
 10355 | D:8      | Reached ***** piety under Ru
 10501 | D:9      | Reached skill level 1 in Shields
 11014 | D:6      | Killed Edmund
 11291 | D:9      | Reached skill level 10 in Conjurations
 11867 | D:9      | Found a radiant altar of Vehumet.
 11986 | D:10     | Entered Level 10 of the Dungeon
 11988 | D:10     | Reached XP level 11. HP: 72/81 MP: 12/22
 12439 | D:10     | Noticed an oklob plant
 12441 | D:10     | Noticed an orc knight
 12446 | D:10     | Found a transporter.
 12446 | D:10     | Noticed dabmancer's ghost (novice SpWz)
 12467 | D:10     | Found a transporter.
 12516 | D:10     | Noticed Maurice
 12540 | D:10     | Noticed a wizard
 12544 | D:10     | Killed Maurice
 12546 | D:10     | Cast into level 3 of the Abyss (a wizard)
 12635 | Abyss:3  | Found a shimmering blue altar of Sif Muna.
 12636 | Abyss:3  | Noticed a tentacled starspawn
 12656 | Abyss:3  | Noticed a tentacled starspawn
 12665 | Abyss:3  | Found an opulent altar of Gozag.
 12729 | Abyss:3  | Noticed a deep elf demonologist
 12750 | Abyss:3  | Noticed a reaper
 12764 | Abyss:3  | Noticed a crystal guardian
 12775 | Abyss:3  | Noticed a wretched star
 12779 | Abyss:3  | Noticed a sun demon
 12804 | Abyss:3  | Noticed a flayed ghost
 12841 | D:10     | Escaped the Abyss
 12844 | D:10     | Killed a wizard
 12950 | D:10     | Found a stormy altar of Qazlal.
 13011 | D:10     | Noticed an ogre mage
 13171 | D:10     | Killed an ogre mage
 13793 | D:11     | Noticed a death yak
 13811 | D:11     | Noticed a death yak
 13811 | D:11     | Noticed a death yak
 13811 | D:11     | Noticed a death yak
 13811 | D:11     | Noticed a death yak
 13811 | D:11     | Noticed a death yak
 13811 | D:11     | Noticed a death yak
 13814 | D:11     | Reached skill level 5 in Shields
 13815 | D:11     | Killed a death yak
 13815 | D:11     | Killed a death yak
 13816 | D:11     | Reached skill level 10 in Fighting
 13816 | D:11     | Killed a death yak
 13816 | D:11     | Killed a death yak
 13817 | D:11     | Killed a death yak
 13818 | D:11     | Killed a death yak
 13819 | D:11     | Reached XP level 12. HP: 64/96 MP: 16/25
 13821 | D:11     | Gained mutation: You are slightly weak-willed. (Will-) [Ru
                  | sacrifice]
 13821 | D:11     | Reached ****** piety under Ru
 13852 | D:11     | Killed a death yak
 13891 | D:11     | Found a staircase to the Lair.
 14307 | D:11     | Found a glowing silver altar of Zin.
 14308 | D:11     | Noticed an angel
 14466 | D:12     | Noticed Josephine
 14474 | D:12     | Noticed Nergalle
 14486 | D:11     | Killed Josephine
 14647 | D:12     | Noticed a boulder beetle
 14671 | Lair:1   | Entered Level 1 of the Lair of Beasts
 14846 | Lair:1   | Noticed an ice dragon
 14864 | Lair:1   | Killed an ice dragon
 15541 | Lair:1   | Reached skill level 1 in Maces & Flails
 15931 | Lair:2   | Reached skill level 10 in Spellcasting
 16459 | Lair:2   | Found a staircase to the Shoals.
 16610 | Lair:2   | Found a hole to the Spider Nest.
 16664 | Lair:2   | Reached skill level 1 in Earth Magic
 16670 | Lair:2   | Learned a level 5 spell: Borgnjor's Vile Clutch
 16828 | Lair:2   | Reached XP level 13. HP: 80/100 MP: 25/27
 16844 | Lair:2   | Reached skill level 1 in Necromancy
 16844 | Lair:2   | Reached skill level 2 in Earth Magic
 17217 | Lair:3   | You fall into a shaft and drop 3 floors!
 17217 | Lair:6   | Entered Level 6 of the Lair of Beasts
 17219 | Lair:6   | Reached skill level 4 in Earth Magic
 17337 | Lair:6   | Reached skill level 5 in Earth Magic
 17575 | Lair:6   | Identified the +8 scimitar of the Manifold Mice {freeze,
                  | rPois rC+ rN+ Str-4}
 17677 | Lair:6   | Reached skill level 6 in Earth Magic
 17921 | Lair:6   | Reached skill level 10 in Shields
 18228 | Lair:6   | Reached skill level 7 in Earth Magic
 18571 | Lair:6   | Identified the +4 arbalest of the Chickpea {elec, Int+3}
 18602 | Lair:6   | Noticed a fire dragon
 18605 | Lair:6   | Reached skill level 8 in Earth Magic
 18611 | Lair:6   | Killed a fire dragon
 18670 | Lair:6   | Reached skill level 5 in Necromancy
 18922 | Lair:6   | Reached skill level 9 in Earth Magic
 19124 | Lair:6   | Reached XP level 14. HP: 47/108 MP: 7/28
 19308 | Lair:6   | Identified the +1 scale mail of Zaiddox {rElec rC- Slay+4
                  | SInv}
 19460 | Lair:6   | Paralysed by a hornet for 1 turns
 19593 | Lair:6   | Reached skill level 10 in Earth Magic
 19939 | Lair:6   | Found a runed translucent door.
 20891 | Lair:5   | Found a staircase to the Slime Pits.
 21134 | Lair:5   | Reached skill level 11 in Earth Magic
 23308 | Lair:3   | Reached skill level 12 in Earth Magic
 23555 | Lair:3   | Identified a scroll of acquirement
 23556 | Lair:3   | Acquired the +1 hat "Dostrih" {Dex+6 Stlth+}
 24704 | D:12     | Killed Nergalle
 24822 | D:12     | Found Uniom's Jewellery Boutique.
 24836 | D:12     | Found a staircase to the Orcish Mines.
 25765 | D:13     | Reached skill level 13 in Earth Magic
 26169 | Orc:1    | Entered Level 1 of the Orcish Mines
 26322 | Orc:2    | Entered Level 2 of the Orcish Mines
 26655 | Orc:2    | Found a staircase to the Elven Halls.
 26873 | Orc:2    | Reached XP level 15. HP: 104/108 MP: 15/29
 27475 | Orc:2    | Reached skill level 14 in Earth Magic
 27601 | Orc:2    | Paralysed by an ogre mage for 3 turns
 27777 | Orc:2    | Found Nysid's Assorted Antiques.
 27782 | Orc:2    | Found Uloruib's Armour Boutique.
 27783 | Orc:2    | Found Ukit's Antique Weapon Shoppe.
 27861 | Orc:2    | Bought a +2 cloak of preservation for 279 gold pieces
 27875 | Orc:2    | Found Lidd's General Store.
 27883 | Orc:2    | Bought the +1 pair of gloves of Zin, Bedazzling {rElec
                  | Stlth+} for 341 gold pieces
 28239 | Orc:1    | Noticed Fannar
 28331 | Orc:1    | Noticed Erolcha
 28333 | Orc:1    | Killed Erolcha
 28340 | Orc:1    | Noticed Jorgrun
 28405 | Orc:2    | Killed Jorgrun
 28548 | Orc:1    | Killed Fannar
 29170 | Orc:1    | Found a shimmering blue altar of Sif Muna.
 29583 | D:13     | Found a gate to the Vaults.
 29732 | D:13     | Reached skill level 15 in Earth Magic
 30075 | D:14     | Noticed Louise
 30088 | D:14     | Killed Louise
 30115 | D:14     | Noticed Azrael
 30136 | D:14     | Killed Azrael
 30193 | D:14     | Noticed Agnes
 30483 | D:14     | You fall into a shaft and drop 1 floor!
 30483 | D:15     | Entered Level 15 of the Dungeon
 30483 | D:15     | Found Veebolemo's Armour Shoppe.
 30488 | D:15     | Bought a +1 cloak of willpower for 165 gold pieces
 30759 | D:14     | Killed Agnes
 30938 | D:14     | Reached skill level 16 in Earth Magic
 31264 | D:14     | Noticed Snorg
 31273 | D:14     | Killed Snorg
 31611 | D:15     | Found Oteogoig's Self-Improvement Boutique.
 31673 | D:15     | Bought a manual of Dodging for 1200 gold pieces
 31934 | D:15     | Reached XP level 16. HP: 125/125 MP: 27/30
 32022 | D:15     | Found a staircase to the Depths.
 32483 | Spider:1 | Entered Level 1 of the Spider Nest
 32514 | Spider:1 | Reached skill level 5 in Dodging
 32933 | Spider:1 | Reached skill level 17 in Earth Magic
 34029 | Spider:2 | Found a runed translucent door.
 34237 | Shoals:1 | Entered Level 1 of the Shoals
 34288 | Shoals:1 | Noticed Kirke
 34324 | Lair:2   | Killed Kirke
 34837 | Shoals:1 | Reached skill level 1 in Polearms
 35198 | Shoals:1 | Noticed a kraken
 35243 | Shoals:2 | Noticed Donald
 35247 | Shoals:2 | Noticed Frances
 35545 | Shoals:2 | Killed Donald
 35644 | Shoals:2 | Got the Catalogue of Moulding
 35737 | Shoals:2 | Learned a level 6 spell: Statue Form
 35866 | Shoals:2 | Killed Frances
 35874 | Shoals:2 | Learned a level 6 spell: Iron Shot
 36024 | Shoals:2 | Noticed Ilsuiw
 36177 | Shoals:2 | Reached skill level 5 in Polearms
 36187 | Shoals:2 | Killed Ilsuiw
 36359 | Shoals:2 | Reached XP level 17. HP: 73/117 MP: 13/31
 36726 | Shoals:3 | Identified the +1 helmet of the Realm of Zot {-Tele Rampage
                  | Fly}
 36976 | Shoals:4 | Entered Level 4 of the Shoals
 39173 | Shoals:4 | Got a barnacled rune of Zot
 39499 | Spider:3 | Noticed Arachne
 39958 | Spider:2 | HP: 5/102 [Arachne/poison arrow (36)]
 40177 | Elf:1    | Entered Level 1 of the Elven Halls
 40179 | Elf:1    | Paralysed by an air elemental for 1 turns
 40183 | Elf:1    | Reached XP level 18. HP: 96/110 MP: 9/32
 40185 | Orc:2    | Paralysed by an air elemental for 1 turns
 40329 | Elf:1    | Found Isuehal's Book Shoppe.
 40329 | Elf:1    | Found Jaot's Magic Scroll Shoppe.
 40336 | Elf:1    | Found Ireidoce's Antique Armour Shoppe.
 40336 | Elf:1    | Found Arhyvvup's Assorted Antiques.
 40403 | Elf:1    | Found a flickering gateway to a bazaar.
 40412 | Bazaar   | Entered a bazaar
 40412 | Bazaar   | Found Borph's General Store.
 40460 | Bazaar   | Found Qafruig's General Store.
 40477 | Bazaar   | Found Foubrili's Antique Armour Shop.
 40482 | Bazaar   | Found Suum's Antique Armour Shop.
 40511 | Bazaar   | Bought a scroll of teleportation for 42 gold pieces
 40830 | Elf:1    | Reached skill level 15 in Fighting
 41133 | Elf:1    | Reached skill level 18 in Earth Magic
 41226 | Elf:1    | Paralysed by an air elemental for 1 turns
 41228 | Elf:1    | Paralysed by an air elemental for 1 turns
 41236 | Elf:1    | Paralysed by an air elemental for 1 turns
 41241 | Elf:1    | Paralysed by an air elemental for 1 turns
 41248 | Elf:1    | Paralysed by an air elemental for 1 turns
 41253 | Elf:1    | Paralysed by an air elemental for 1 turns
 41255 | Elf:1    | Paralysed by an air elemental for 1 turns
 41657 | Elf:2    | Found Imowuj's Weapon Shoppe.
 41658 | Elf:2    | Found Egott's Distillery.
 41665 | Elf:2    | Paralysed by an air elemental for 1 turns
 41673 | Elf:2    | Paralysed by an air elemental for 1 turns
 42048 | Elf:2    | Found Ona Ucia's Antique Weapon Shop.
 42094 | Elf:2    | Identified the +10 dagger "Meplegg" {flame, rN+ Dex+4}
 42101 | Elf:2    | Found Jifriet's Antique Armour Shoppe.
 42136 | Elf:2    | You fall into a shaft and drop 1 floor!
 42136 | Elf:3    | Entered Level 3 of the Elven Halls
 42200 | Elf:3    | Identified the +1 leather armour "Poshypn" {rC- rCorr Dex+6
                  | Slay+2}
 42206 | Elf:3    | Identified the +8 acid dragon scales of Pessimism {rCorr
                  | Str+3 Dex+6}
 42305 | Elf:3    | Reached skill level 19 in Earth Magic
 42579 | Elf:3    | Found a shimmering blue altar of Sif Muna.
 42591 | Elf:3    | Noticed Roxanne
 42648 | Elf:3    | Paralysed by an air elemental for 1 turns
 43364 | Elf:3    | Identified the ring of Akhloecy {Ice rCorr Str+6 Dex+3}
 43491 | Elf:3    | Identified the ring "Itiprod" {rElec rPois Will+ Int+6}
 44066 | Elf:1    | Bought a book of Annihilations for 1140 gold pieces
 44076 | Elf:1    | Learned a level 9 spell: Shatter
 44329 | Spider:2 | Killed Arachne
 44545 | Spider:2 | Learned a level 5 spell: Lee's Rapid Deconstruction
 44848 | Spider:2 | Reached skill level 20 in Earth Magic
 45733 | Spider:4 | Entered Level 4 of the Spider Nest
 45977 | Spider:4 | Reached XP level 19. HP: 156/156 MP: 9/33
 46491 | Spider:4 | Found a runed translucent door.
 46492 | Spider:4 | Noticed Riopsa's ghost (adept GrEE)
 46889 | Spider:4 | Reached skill level 21 in Earth Magic
 47266 | Spider:4 | Got a gossamer rune of Zot
 47285 | Spider:4 | Identified the +1 pair of boots "Teuqyara" {rPois rC+ Will-
                  | Int+6}
 47598 | Vaults:1 | Entered Level 1 of the Vaults
 48171 | Vaults:1 | Found a portal to a secret trove of treasure.
 48382 | Vaults:1 | Reached skill level 10 in Dodging
 48396 | Vaults:1 | Reached skill level 22 in Earth Magic
 48852 | Vaults:1 | Reached skill level 10 in Polearms
 49126 | Vaults:1 | Found Qaokh's Armour Shoppe.
 49696 | Vaults:2 | Reached XP level 20. HP: 152/164 MP: 31/34
 49862 | Vaults:2 | Found Mitzuo's Distillery.
 49948 | Vaults:2 | Bought a potion of haste for 170 gold pieces
 49948 | Vaults:2 | Bought a potion of heal wounds for 85 gold pieces
 49948 | Vaults:2 | Bought 2 potions of magic for 272 gold pieces
 50020 | Vaults:2 | Reached skill level 23 in Earth Magic
 50601 | Vaults:2 | Reached skill level 5 in Stealth
 50827 | Vaults:2 | Paralysed by a great orb of eyes for 2 turns
 51100 | Vaults:3 | Found a glowing silver altar of Zin.
 51109 | Vaults:3 | Found a crumbling gateway.
 51111 | Vaults:3 | Found a glowing golden altar of the Shining One.
 51111 | Vaults:3 | Found a white marble altar of Elyvilon.
 51201 | Desolati | Entered the Desolation of Salt
 51231 | Desolati | Reached skill level 24 in Earth Magic
 51350 | Desolati | Got the Disquisition on the Oath and Heat
 51358 | Desolati | Got the Catalogue of the Arsonist
 51359 | Desolati | Identified the +8 whip of Misery {vamp, rElec rN+ rCorr
                  | Dex-3}
 51488 | Desolati | Found the +0 pair of fencer's gloves {Riposte Dex+3}
 51497 | Desolati | Identified the amulet of Igi Zoum {Faith rPois MP+9 Dex+2}
 52255 | Desolati | Got the Guide on Creative Evil
 52256 | Desolati | Identified the +6 falchion "Ugeab" {protect, rPois rF+
                  | rCorr}
 52829 | Vaults:3 | Found a staircase to the Crypt.
 52937 | Vaults:3 | Learned a level 4 spell: Dispel Undead
 52993 | Vaults:3 | Reached skill level 25 in Earth Magic
 53649 | Vaults:4 | Reached XP level 21. HP: 163/169 MP: 11/35
 54411 | Vaults:4 | Noticed Aizul
 54420 | Vaults:4 | Killed Aizul
 54599 | Vaults:4 | Found Qubb's Book Shop.
 54609 | Vaults:4 | Bought a book of Alchemy for 364 gold pieces
 55384 | Vaults:4 | Reached skill level 26 in Earth Magic
 55805 | Elf:3    | Identified the +1 mace of Doubt {vorpal, rF+}
 56375 | Elf:3    | Learned a level 5 spell: Irradiate
 57016 | Elf:3    | Identified the +1 trident of Turmoil {pain, rElec rN+}
 57199 | Depths:1 | Entered Level 1 of the Depths
 57278 | Depths:1 | Reached skill level 10 in Stealth
 57734 | Depths:1 | Found the +3 Elemental Staff {rElec rF++ rC++ AC+5}
 58081 | Depths:1 | Reached skill level 27 in Earth Magic
 58179 | Depths:1 | Found a one-way gateway to a ziggurat.
 58365 | Depths:1 | Found a gateway to Hell.
 59112 | Depths:1 | Noticed a shard shrike
 59131 | Depths:1 | Killed a shard shrike
 59264 | Depths:1 | Reached XP level 22. HP: 114/180 MP: 9/36
 60678 | Depths:2 | Reached skill level 15 in Shields
 60740 | Depths:2 | Found Big Baal Hell's Store.
 61313 | Depths:2 | Found a one-way gate leading to the halls of Pandemonium.
 61892 | Depths:2 | Identified the +8 great mace of Zaasibad {freeze, Fly rElec
                  | Dex+4 Stlth+}
 62040 | Depths:2 | Identified the +5 scimitar of Suki Buofu {flame, rPois rN+
                  | Str+2}
 62040 | Depths:2 | Identified the +6 demon whip of the Seven Lives {elec,
                  | +Blink rF++}
 63333 | Depths:3 | Found a one-way gate to the infinite horrors of the Abyss.
 63838 | Depths:4 | Entered Level 4 of the Depths
 63850 | Depths:4 | Noticed Mennas
 63964 | Depths:4 | Identified the +7 broad axe "Gafyfay" {flame, rF- rC+ rCorr
                  | Int+3}
 64279 | Hell     | Entered the Vestibule of Hell
 64279 | Hell     | Noticed Geryon
 64285 | Hell     | Killed Geryon
 64653 | Depths:4 | Killed Mennas
 64924 | Depths:4 | Noticed a juggernaut
 64932 | Depths:4 | Killed a juggernaut
 65951 | Depths:4 | Reached XP level 23. HP: 145/188 MP: 22/38
 66030 | Depths:4 | Noticed a caustic shrike
 66033 | Depths:4 | Noticed a caustic shrike
 66054 | Depths:4 | Noticed a caustic shrike
 66056 | Depths:4 | Noticed a caustic shrike
 66059 | Depths:4 | Killed a caustic shrike
 66062 | Depths:4 | Killed a caustic shrike
 66065 | Depths:4 | Killed a caustic shrike
 66069 | Depths:4 | Killed a caustic shrike
 66252 | Depths:4 | Found a gate to the Realm of Zot.
 66876 | Depths:3 | Voluntarily entered the Abyss.
 67212 | Abyss:3  | Found a corrupted altar of Lugonu.
 67330 | Abyss:5  | Entered Level 5 of the Abyss
 67341 | Abyss:5  | Found a corrupted altar of Lugonu.
 67379 | Abyss:5  | Noticed an ancient lich
 67497 | Abyss:5  | Killed an ancient lich
 67500 | Depths:3 | Escaped the Abyss
 67912 | Vaults:5 | Entered Level 5 of the Vaults
 68053 | Vaults:5 | Noticed an ancient lich
 68189 | Vaults:5 | Killed an ancient lich
 68307 | Vaults:5 | Noticed a dread lich
 68309 | Vaults:5 | Paralysed by a dread lich for 4 turns
 68313 | Vaults:5 | Killed from afar by a shadow dragon

Illustrated notes

Levels and vault maps discovered:
D:1:      minmay_arrival_shattered_statue, layout_loops_corners,
          minmay_statues_item
D:2:      layout_basic, basic_altar, serial_undead, serial_undead_d,
          serial_undead_a, serial_undead_b, serial_undead_f, serial_undead_c,
          serial_undead_c, serial_undead_b, serial_undead_a,
          hellmonk_ecumenical_altar_inner_sanctum,
          amcnicky_mini_corridor_feature, minivault_25, hangedman_decor_points
D:3:      layout_loops_ring, nicolae_overflow_crystal_walls,
          gammafunk_ghost_icy, st_stairs_6, supply_closet_lemuel,
          grunt_ministairs_15, hangedman_feature_mirror
D:4:      layout_rooms, lemuel_round_altar, temple_hall, uniq_duvessa,
          uniq_menkaure, uniq_blork_the_orc
D:5:      layout_loops_ring, mainiacjoe_overflow_cross_hatched,
          lightli_temple_of_fire
D:6:      layout_basic, uniq_edmund
D:7:      layout_loops_cross, st_stairs_5
D:8:      layout_basic, minitemple, kennysheep_just_a_vault, uniq_grum,
          uniq_maggie
D:9:      layout_rooms, fiery_altar_vehumet
D:10:     layout_rooms, nicolae_qazlal_scattered_showers, nzn_ghost_randoct,
          minmay_checkerbox, uniq_maurice
D:11:     layout_irregular_city, dpeg_lair_monsters, zin_angel
D:12:     layout_cave_pools, orc_0_dummy, serial_shops, nicolae_take_the_stairs,
          nooodl_orcs_dogs, uniq_josephine, uniq_nergalle
D:13:     layout_roguey, david_vaults_4, grunt_decor_junction
D:14:     layout_loops_cross, dreamdust_princess_corridor,
          minmay_misc_feat_hallway, uniq_agnes, uniq_louise, uniq_azrael,
          uniq_snorg
D:15:     grunt_enter_depths_hoard, layout_basic, serial_park_square3
          [serial_park_minivault_5x5_5], serial_shops, shop,
          nicolae_shop_self_help
Lair:1:   dragon1_lemuel, layout_hall_layers, chequers_serial_rivers_micro_b,
          serial_bayou_lake_a, grunt_megastairs_3
Lair:2:   layout_roguey, minmay_shoals_entry_hut, spider_nest_entry_funnel_web,
          beast_lair_carwin_8, serial_bayou_shore_a
Lair:3:   wander_river, layout_layer_cave
Lair:4:   gammafunk_indiana_jones, layout_layer_cave, serial_bayou_shore_b
Lair:5:   layout_regular_city, slime_altar_1, serial_bayou, serial_bayou_ford_a,
          serial_bayou_pond_d, serial_bayou_lagoon_b, serial_bayou_lagoon_a
Lair:6:   hangedman_lair_caniforms_friends, layout_loops_ring, wormcave,
          minmay_hedge_maze, bobbens_dragon_lair_wall
Shoals:1: layout_shoals, uniq_kirke
Shoals:2: layout_shoals, uniq_ilsuiw, uniq_donald, uniq_frances
Shoals:3: layout_shoals, nicolae_shoals_water_shrine
Shoals:4: shoals_end_hellmonk_lost_city
Spider:1: layout_spider_delve, guppyfry_spider_mini_1
Spider:2: cheibrodos_spider_deadly_dance
Spider:3: layout_spider_delve, nicolae_orb_island, uniq_arachne
Spider:4: johnstein_spider_rune_arachne_lair, ebering_ghost_reflecting_pool
Orc:1:    layout_diamond_mine, kennysheep_orc_sif_temple, uniq_jorgrun,
          uniq_fannar, uniq_erolcha
Orc:2:    st_orc_open, layout_caves, nicolae_orc_damp_corner, mines4_lemuel
Elf:1:    layout_gridlike, serial_shops, bzr_firewalk, minmay_elf_sorcery,
          minmay_shop_grid_forest, minivault_28
Elf:2:    nicolae_elf_blades_crystal_corner, layout_geoelf_grid, serial_shops,
          shop_fountains, shop, shop, nicolae_shop_behind_doors
Elf:3:    minmay_elf_hall_spiked, layout_geoelf_castle, basic_altar,
          uniq_roxanne
Vaults:1: v_misc_25, vaults_room_grunt_arrival_ludios, hangedman_vaults_hat,
          vaults_room_hallway, st_octagons_1, nicolae_vaults_little_squares_6,
          vaults_dpeg_cross, v_misc_25, vaults_room_pool, hangedman_vaults_maws,
          grunt_vaults_diagonal, hangedman_vaults_cutoff, v_misc_5,
          layout_vaults_maze_bifur, enter_trove_6, serial_shops,
          nicolae_shop_waterfront
Vaults:2: serial_ice_b, v_misc_13, vaults_standard_mumra_enter_the_diamond,
          nicolae_vaults_rhombus_5, nicolae_vaults_little_squares_3,
          vaults_mumra_lcd, v_rooms_1, v_misc_15,
          nicolae_vaults_ring_of_whatevers, nicolae_vaults_yaktaur_gun_rack,
          nicolae_vaults_windows_and_doors_thing, grunt_vaults_hallway_short,
          nicolae_vaults_three_branches,
          vaults_standard_mumra_enter_the_diamond, layout_vaults_omnicross,
          serial_shops, nicolae_shop_trees
Vaults:3: portal_desolation_entry_holy_temple, v_rooms_6,
          ontoclasm_vaults_ring_square, hangedman_vaults_corner_blocks,
          minmay_crypt_entry_simple_corners, ontoclasm_vaults_shuriken,
          nicolae_vaults_little_squares_1, ontoclasm_vaults_loading_screen,
          layout_vaults_big_room
Vaults:4: nicolae_vaults_big_ls, serial_ice_b, ontoclasm_vaults_spin,
          nicolae_vaults_network_s, layout_vaults_omnigrid, serial_shops,
          nicolae_lakefront_shop, uniq_aizul
Vaults:5
Depths:1: layout_gridlike, enter_ziggurat_d, nicolae_hepliaklqana_hippocampus,
          grunt_mini_vestibule, minmay_misc_feat_x, grunt_ministairs_13,
          dilly_guarded_unrand_elemental_staff
Depths:2: minmay_the_grid_four_pointed_star_mashed
          [minmay_the_grid_triangle_9x9_checkered,
          minmay_the_grid_triangle_9x9_skeleton,
          minmay_the_grid_triangle_9x9_odd_lines,
          minmay_the_grid_triangle_9x9_swiss_cheese,
          minmay_the_grid_prize_shrinking_boxes], layout_basic,
          nicolae_hell_entry_big_baal_hell, rand_demon_pan_entry_5,
          minmay_staircase_windowed_small
Depths:3: nicolae_cairo_tiling_large_dashed, layout_cave_shapes, abyss_entry,
          hellmonk_bongcloud_opening, pf_dread_powers_of_hell,
          infiniplex_staircase_split_hallway
Depths:4: grunt_bruiser_brothers, layout_cave_shapes, hell_entry,
          hangedman_abyss_or_decor_lesser_grid, minmay_crystal_room,
          chequers_serial_rivers_large_b, drop_trap, uniq_mennas
Hell

Skill      XL: |  1  2  3  4  5  6  7  8  9 10 11 12 13 14 15 16 17 18 19 20 21 22 23 |
---------------+----------------------------------------------------------------------+-----
Fighting       | 1 2 3 4 5 6 8 10 12 14 16 17 18 | 18.7
Conjurations   | 2 3 4 6 7 9 10 12 | 12.9
Air Magic      | 2 2 |  2.9
Spellcasting   | 2 3 4 5 7 9 10 11 13 | 13.0
Dodging        | 2 4 8 10 | 10.8
Evocations     | 0 |  0.0
Shields        | 3 6 9 10 12 13 14 16 17 | 17.9
Maces & Flails | 3 |  3.4
Earth Magic    | 1 9 13 16 17 20 22 25 27 | 27.0
Necromancy     | 5 8 9 |  9.9
Polearms       | 5 8 9 10 11 13 | 13.7
Stealth        | 3 8 10 | 10.5
Staves         | |  4.0
Transmutations | |  0.6

Action                   |  1- 3 |  4- 6 |  7- 9 | 10-12 | 13-15 | 16-18 | 19-21 | 22-24 || total
-------------------------+-------+-------+-------+-------+-------+-------+-------+-------++-------
Melee: Quarterstaff      |    64 |    31 |       |       |       |       |       |       ||    95
       Tailslap          |     6 |     2 |    32 |   131 |   132 |   173 |   226 |   110 ||   812
       Whip              |       |    18 |   191 |   634 |   160 |       |       |       ||  1003
       Punch             |       |       |     5 |     6 |       |       |       |       ||    11
       Scimitar          |       |       |       |       |   431 |   210 |       |       ||   641
       Staff             |       |       |       |       |    78 |     2 |     6 |     7 ||    93
       Demon trident     |       |       |       |       |       |   791 |  1105 |   500 ||  2396
 Cast: Searing Ray       |     9 |    11 |    39 |    48 |    40 |       |       |       ||   147
       Static Discharge  |       |     1 |     9 |    29 |   218 |     4 |       |       ||   261
       Borgnjor's Vile C |       |       |       |       |   170 |   253 |    99 |    36 ||   558
       Iron Shot         |       |       |       |       |       |    80 |    28 |    35 ||   143
       Statue Form       |       |       |       |       |       |    12 |    36 |    11 ||    59
       Lee's Rapid Decon |       |       |       |       |       |       |    15 |     8 ||    23
       Shatter           |       |       |       |       |       |       |    57 |    72 ||   129
       Irradiate         |       |       |       |       |       |       |     5 |    20 ||    25
       Dispel Undead     |       |       |       |       |       |       |     3 |    13 ||    16
Invok: Sacrifice Health  |       |     1 |       |       |       |       |       |       ||     1
       Draw Out Power    |       |       |     1 |     6 |     4 |     6 |     8 |     9 ||    34
       Sacrifice Love    |       |       |     1 |       |       |       |       |       ||     1
       Apocalypse        |       |       |       |    10 |    13 |    12 |     5 |     1 ||    41
       Sacrifice Artific |       |       |       |     1 |       |       |       |       ||     1
       Sacrifice Essence |       |       |       |     1 |       |       |       |       ||     1
 Abil: End Transformatio |       |       |       |       |       |       |     1 |       ||     1
Evoke: Wand              |       |       |       |     1 |       |       |       |       ||     1
       Piece from Xom's  |       |       |       |     1 |       |       |       |       ||     1
  Use: Scroll            |     4 |     2 |     6 |    16 |     9 |    24 |    10 |     1 ||    72
       Potion            |       |     2 |       |     2 |       |     9 |     2 |     1 ||    16
 Stab: Sleeping          |       |     2 |     2 |       |     1 |     7 |     6 |       ||    18
       Paralysed         |       |       |       |    32 |    12 |    14 |     6 |     3 ||    67
       Invisible         |       |       |       |     3 |     4 |     3 |     9 |     3 ||    22
       Distracted        |       |       |       |       |       |     4 |    10 |     6 ||    20
       Petrified         |       |       |       |       |       |       |     8 |       ||     8
       Petrifying        |       |       |       |       |       |       |     1 |       ||     1
Armor: Skin              |    17 |    34 |    89 |   232 |   371 |   468 |   637 |   197 ||  2045
Dodge: Dodged            |    36 |    27 |   160 |   324 |   345 |   536 |   692 |   203 ||  2323
Block: Tower shield      |       |       |       |   300 |  1106 |  1206 |       |   380 ||  2992
       Buckler           |       |       |       |       |       |    65 |   545 |       ||   610
       Kite shield       |       |       |       |       |       |       |       |    71 ||    71
       Reflection        |       |       |       |       |       |       |       |     3 ||     3

Table legend: (Time is in decaauts)
 A = Elapsed time spent in this place.
 B = Non-inter-level travel time spent in this place.
 C = Inter-level travel time spent in this place.
 D = Time resting spent in this place.
 E = Time spent auto-exploring this place.
 F = Levels seen in this place.
 G = Mean time per level.
                   A        B        C        D        E       F      G
               +--------+--------+--------+--------+--------+-----+--------+
         Total |  70255 |  65095 |   5160 |   5977 |  44957 |  52 | 1351.1 |
       Dungeon |  20662 |  18645 |   2017 |   1614 |  13687 |  15 | 1377.5 |
          Lair |  10801 |   9823 |    978 |    219 |   7356 |   6 | 1800.2 |
        Shoals |   5290 |   4904 |    386 |    361 |   3245 |   4 | 1322.5 |
   Spider Nest |   6177 |   5744 |    433 |    525 |   3730 |   4 | 1544.2 |
  Orcish Mines |   3528 |   3070 |    458 |    898 |   1438 |   2 | 1764.0 |
   Elven Halls |   4494 |   4311 |    183 |     36 |   3170 |   3 | 1498.0 |
        Vaults |   7802 |   7462 |    340 |    751 |   5279 |   5 | 1560.4 |
        Depths |   9063 |   8701 |    362 |   1492 |   5760 |   4 | 2265.8 |
          Hell |     10 |     10 |      0 |      0 |      0 |   1 |   10.0 |
         Abyss |    976 |    976 |      0 |      0 |    389 |   6 |  162.7 |
        Bazaar |    107 |    107 |      0 |      0 |     73 |   1 |  107.0 |
    Desolation |   1340 |   1340 |      0 |     79 |    828 |   1 | 1340.0 |
               +--------+--------+--------+--------+--------+-----+--------+

Top non-repeatable levels by time:
  Lair:6: 3798 daAuts
Depths:3: 2708 daAuts
   Elf:3: 2651 daAuts
Depths:1: 2468 daAuts
     D:8: 2377 daAuts
Vaults:1: 2376 daAuts
Vaults:4: 2217 daAuts
   Orc:2: 2199 daAuts
Spider:1: 2135 daAuts
Depths:2: 2032 daAuts
  Lair:2: 1973 daAuts
Spider:4: 1908 daAuts
Depths:4: 1854 daAuts
    D:12: 1614 daAuts
Vaults:3: 1597 daAuts
